 Dungeon Crawl Stone Soup version 0.27.1-2-g3b301248ec (webtiles) character file.

Game seed: 13434597282442170721

11 Elvor the Sneak (level 2, 0/19 HPs)
             Began as a Gargoyle Delver on Sept 24, 2021.
             Slain by an ufetubus (1 damage)
             ... on level 4 of the Dungeon.
             The game lasted 00:02:09 (213 turns).

Elvor the Sneak (Gargoyle Delver)                    Turns: 213, Time: 00:02:09

Health: 0/19       AC:  5    Str: 15    XL:     2   Next: 29%
Magic:  2/2        EV: 11    Int: 10    God:
Gold:   12         SH:  0    Dex: 11    Spells: 1/1 levels left

rFire    . . .     SeeInvis .   a - +0 short sword
rCold    . . .     Faith    .   (no shield)
rNeg     + . .     Spirit   .   b - +0 leather armour
rPois    ∞         Reflect  .   (no helmet)
rElec    +         Harm     .   (no cloak)
rCorr    .         Rampage  .   (no gloves)
Will     .....                  (no boots)
Stlth    +++.......             (no amulet)
HPRegen  0.06/turn              (no ring)
MPRegen  0.08/turn              (no ring)

@: no status effects
A: sickness immunity, AC +2, negative energy resistance 1, electricity
resistance, torment resistance 1, petrification resistance
a: no special abilities


You were on level 4 of the Dungeon.
You visited 1 branch of the dungeon, and saw 2 of its levels.

You collected 12 gold pieces.

Inventory:

Hand Weapons
 a - a +0 short sword (weapon)
Missiles
 h - 34 sling bullets
 i - 13 stones (quivered)
Armour
 b - a +0 leather armour (worn)
Jewellery
 j - a ring of positive energy
Wands
 g - a wand of digging (3)
Scrolls
 c - a scroll of fog
 d - a scroll of magic mapping
 e - a scroll of fear
 k - a scroll of noise {unknown}
Potions
 f - a potion of haste


   Skills:
 + Level 3.3 Fighting
 + Level 1.8 Short Blades
 + Level 0.2 Throwing
 + Level 0.4 Armour
 + Level 1.6 Dodging
 + Level 5.8 Stealth


You had one spell level left.
You didn't know any spells.
Your spell library was empty.

Dungeon Overview and Level Annotations

Branches:
Dungeon (5/15)
 Temple: D:4-7

Altars:

Shops:
D:5 *


Innate Abilities, Weirdness & Mutations

You are immune to sickness and miasma.
Your stone body is resilient. (AC +2)
You are immune to poison.
You resist negative energy. (rN+)
You are resistant to electric shocks. (rElec)
You are resistant to unholy torment.
You are immune to petrification.


Message History

You hit the hobgoblin.
You kill the hobgoblin!
The quokka bites you.
You barely miss the quokka. The quokka completely misses you.
You miss the quokka. The quokka closely misses you.
You hit the quokka.
The quokka is almost dead.
The quokka closely misses you.
You closely miss the quokka.
The quokka is almost dead.
The quokka bites you.
* * * LOW HITPOINT WARNING * * *
The quokka bites you.
* * * LOW HITPOINT WARNING * * *
You hit the quokka.
You kill the quokka!
You open the door.
Found a dagger.
An ufetubus comes into view.
The ufetubus shouts!
The ufetubus closely misses you. The ufetubus hits you.
* * * LOW HITPOINT WARNING * * *
You closely miss the ufetubus.
The ufetubus hits you but does no damage. x2
The ufetubus barely misses you. The ufetubus completely misses you.
You closely miss the ufetubus.
The ufetubus hits you but does no damage.
The ufetubus barely misses you.
You hit the ufetubus but do no damage.
The ufetubus hits you but does no damage.
The ufetubus closely misses you. The ufetubus misses you.
The ufetubus completely misses you.
You hit the ufetubus but do no damage. The ufetubus closely misses you.
The ufetubus hits you but does no damage.
You miss the ufetubus. The ufetubus misses you. The ufetubus hits you.
* * * LOW HITPOINT WARNING * * *
The ufetubus closely misses you.
The ufetubus hits you but does no damage.
You closely miss the ufetubus. The ufetubus hits you.
You die...

#......##...+
#...........#
#......##...#
#......##...#
#...........#
#...........#
#...........#
#..........)#
#.....@##...#
#.....5# ...#
#....... ...#
#........ ..#
#......... .#
#......##..
######## ...
..#


You could see an ufetubus.

Vanquished Creatures
  An adder (D:5)
  A hobgoblin (D:4)
  A quokka (D:4)
3 creatures vanquished.

Notes
Turn   | Place    | Note
-------+----------+-------------------------------------------
     0 | D:5      | Elvor the Gargoyle Delver began the quest for the Orb.
     0 | D:5      | Reached XP level 1. HP: 14/14 MP: 1/1
    42 | D:5      | Noticed an iguana
   103 | D:5      | Reached XP level 2. HP: 5/19 MP: 2/2
   157 | D:5      | Found Moigri Kugea's General Store.
   213 | D:4      | Slain by an ufetubus

Illustrated notes

Levels and vault maps discovered:
D:4:      layout_gridville, mainiacjoe_overflow_six_doors_small, temple_green
D:5:      layout_cave_pools, serial_shops, nicolae_shop_statue_plus

Action                   || total
-------------------------++-------
Melee: Short sword       ||    35
Throw: Stone             ||     5
Armor: Leather armour    ||    13
Dodge: Dodged            ||    33
